Map: Scythe of Amon

Players

Smileblind

  • Race: Protoss Protoss
  • League: Silver
  • Spawn Location: 5:00

dyspnea

  • Race: Terran Terran
  • Spawn Location: 5:00

VOD

Have the link to the VOD?

Description

Time

  • Played on: Feb. 9, 2019, 7:31 p.m.
  • Length: 22:54
Show
View Real Time Build Order
Export as new Build Order

Smileblind Protoss 

Build Orders:  

Get SALT Encoding   

  12  0:03  Probe (Chrono Boost)  
  13  0:17  Probe (Chrono Boost)  
  14  0:34  Pylon  
  14  0:45  Gateway  
  14  0:47  Probe (Chrono Boost)  
  15  1:01  Probe (Chrono Boost)  
  16  1:14  Gateway  
  16  1:26  Probe (Chrono Boost)  
  16  1:28  Pylon  
  17  1:40  Probe (Chrono Boost)  
  18  1:54  Probe (Chrono Boost)  
  19  2:03  Assimilator  
  19  2:08  Probe (Chrono Boost)  
  20  2:10  Assimilator  
  20  2:22  Probe (Chrono Boost)  
  20  2:23  Pylon  
  21  2:33  Gateway  
  21  2:35  Probe (Chrono Boost)  
  22  2:49  Probe (Chrono Boost)  
  22  2:58  Cybernetics Core  
  23  3:03  Probe (Chrono Boost)  
  24  3:13  Gateway  
  24  3:17  Probe (Chrono Boost)  
  25  3:22  Pylon  
  25  3:28  Zealot  
  27  3:40  Probe (Chrono Boost)  
  28  3:54  Pylon, Probe (Chrono Boost)  
  28  3:58  Dragoon  
  31  4:08  Probe (Chrono Boost)  
  32  4:29  Twilight Council  
  32  4:35  Zealot x2  
  36  4:40  Pylon  
  36  4:47  Dragoon  
  38  5:30  Dragoon x4  
  46  6:09  Zealot x2  
  50  6:10  Zealot x3  
  50  6:11  Charge  
  54  6:44  Forge  
  54  6:49  Pylon  
  54  7:00  Singularity Charge  
  52  7:11  Zealot x3  
  38  7:47  Zealot  
  38  7:48  Zealot x2  
  38  7:49  Dragoon  
  34  8:18  Dragoon x3  
  34  8:19  Protoss Ground Weapons Level 1  
  28  8:57  Zealot x3  
  34  9:12  Zealot  
  34  9:13  Zealot  
  38  9:29  Dragoon x2  
  42  9:42  Whirlwind  
  42  9:52  Dragoon  
  42  10:18  Dragoon  
  42  10:19  Dragoon  
  32  10:31  Zealot  
  32  10:32  Zealot  
  32  10:41  Dragoon  
  30  10:57  Zealot x2  
  28  11:37  Zealot  
  30  11:47  Nexus  
  30  11:49  Zealot  
  32  12:03  Zealot x2  
  34  12:11  Zealot  
  34  12:20  Zealot  
  30  12:30  Zealot  
  28  12:50  Zealot x2  
  32  13:07  Pylon  
  32  13:09  Probe (Chrono Boost)  
  33  13:26  Probe (Chrono Boost)  
  33  13:29  Photon Cannon  
  34  13:31  Probe (Chrono Boost)  
  35  13:45  Probe (Chrono Boost)  
  36  13:53  Dragoon  
  38  14:15  Probe (Chrono Boost)  
  38  14:19  Dragoon  
  42  14:31  Dragoon, Probe (Chrono Boost)  
  44  14:40  Probe (Chrono Boost)  
  44  14:48  Probe (Chrono Boost)  
  46  14:51  Pylon  
  46  14:54  Probe (Chrono Boost)  
  46  14:55  Dragoon  
  47  15:07  Probe (Chrono Boost)  
  47  15:09  Dragoon  
  50  15:14  Dragoon  
  52  15:20  Dragoon  
  52  15:21  Probe (Chrono Boost)  
  52  15:26  Zealot  
  57  15:40  Zealot x2  
  57  15:51  Dragoon  
  57  15:52  Dragoon  
  57  15:58  Probe (Chrono Boost)  
  62  16:11  Probe (Chrono Boost)  
  62  16:19  Dragoon x2  
  67  16:25  Probe (Chrono Boost), Zealot  
  70  16:38  Zealot x2  
  70  16:39  Probe (Chrono Boost)  
  74  16:40  Zealot  
  74  16:44  Zealot  
  79  16:50  Protoss Ground Weapons Level 2  
  79  17:03  Photon Cannon, Probe (Chrono Boost)  
  79  17:06  Photon Cannon  
  80  17:17  Probe (Chrono Boost)  
  81  17:30  Probe (Chrono Boost)  
  82  17:43  Zealot x2  
  82  17:44  Probe (Chrono Boost), Zealot x2  
  91  17:57  Dragoon  
  91  17:58  Probe (Chrono Boost)  
  94  18:10  Assimilator  
  94  18:12  Probe (Chrono Boost)  
  94  18:17  Assimilator, Zealot  
  94  18:18  Zealot x2  
  101  18:26  Probe (Chrono Boost)  
  100  18:40  Probe (Chrono Boost)  
  101  18:56  Zealot  
  95  19:05  Pylon  
  95  19:06  Pylon  
  95  19:09  Pylon  
  77  19:16  Zealot x5  
  77  19:17  Pylon  
  79  19:20  Pylon  
  79  19:21  Pylon  
  79  19:23  Pylon  
  71  19:34  Zealot x2  
  71  19:35  Zealot x2  
  71  19:47  Zealot x3  
  57  19:53  Zealot  
  59  20:00  Dragoon  
  59  20:08  Dragoon  
  63  20:15  Probe (Chrono Boost)  
  64  20:23  Gateway  
  64  20:29  Probe (Chrono Boost)  
  65  20:33  Zealot x2  
  65  20:34  Zealot  
  71  20:43  Probe (Chrono Boost)  
  72  20:56  Probe (Chrono Boost)  
  69  21:06  Zealot x5  
  67  21:38  Zealot  
  67  21:39  Zealot x3  
  69  21:40  Zealot x3  
  69  21:47  Zealot  
  63  22:00  Zealot  
  63  22:06  Zealot  
  63  22:07  Zealot x2  
  65  22:15  Zealot  
  67  22:29  Zealot  
  67  22:31  Zealot  
  67  22:37  Dragoon x2  
Show
View Real Time Build Order
Export as new Build Order

dyspnea Terran 

Build Orders:  

Get SALT Encoding   

  12  0:06  SCV  
  13  0:23  SCV  
  14  0:32  Supply Depot  
  5  0:40  SCV  
  15  0:56  SCV  
  16  1:00  Refinery  
  16  1:10  Refinery  
  16  1:13  SCV  
  17  1:28  Barracks  
  17  1:30  SCV  
  18  1:47  SCV  
  19  2:04  SCV  
  19  2:08  Barracks Tech Lab  
  20  2:21  SCV  
  20  2:24  Barracks  
  21  2:38  SCV  
  22  2:51  Supply Depot  
  22  2:55  SCV  
  23  3:03  Barracks Reactor  
  23  3:12  SCV  
  23  3:18  Engineering Bay  
  24  3:27  Barracks  
  24  3:29  SCV  
  25  3:34  Marine  
  26  3:44  Marine  
  26  3:46  SCV  
  28  3:56  Terran Infantry Weapons Level 1  
  28  4:03  SCV, Supply Depot  
  29  4:18  Barracks, Barracks Reactor  
  29  4:19  Medic  
  29  4:20  Marine  
  32  4:44  Engineering Bay  
  32  5:18  Barracks Reactor  
  32  5:24  SCV  
  33  5:32  Supply Depot  
  33  5:43  Marine x2  
  33  5:44  Medic  
  33  5:46  Marine x2  
  39  5:55  Firebat  
  41  6:24  Marine x2  
  41  6:25  Medic  
  45  6:36  Firebat  
  47  6:44  Supply Depot  
  47  6:47  Terran Infantry Armor Level 1  
  47  6:48  Marauder  
  49  7:02  Factory  
  49  8:14  Marine  
  49  8:15  Marine x3  
  49  8:16  Medic  
  55  8:36  Unknown  
  55  9:33  Marine  
  55  9:35  Marine  
  55  10:12  Armory  
  55  10:26  Stabilizer Medpacks  
  55  10:57  Marine  
  55  11:00  Marine x2  
  55  11:06  Marine  
  55  11:08  SCV  
  55  11:09  Marine x2  
  55  11:26  Concussive Shells  
  55  11:30  Marine x2  
  55  11:31  Firebat  
  55  11:33  SCV  
  55  11:38  Marine x2  
  55  11:39  Marine  
  45  11:43  Medic  
  45  11:46  Marine  
  45  11:47  Marine  
  48  11:50  SCV  
  48  11:54  Firebat  
  47  12:06  Medic  
  47  12:08  Marine x2  
  47  12:09  Marine  
  43  12:17  Firebat  
  41  12:29  Medic  
  38  12:39  Medic  
  38  12:45  Marine x4  
  39  12:50  Firebat  
  39  12:56  Incinerator Gauntlets  
  39  12:59  Terran Infantry Weapons Level 2  
  41  13:01  Terran Infantry Armor Level 2  
  41  13:02  Medic  
  43  13:13  Firebat  
  45  13:27  Marine  
  45  13:28  Marine  
  45  13:30  Medic  
  49  13:41  Firebat  
  49  13:45  Supply Depot  
  51  13:56  Juggernaut Plating  
  51  14:06  Marine x2  
  51  14:07  Medic, Marine  
  56  14:17  Firebat  
  58  14:49  Medic, Marine x3  
  63  15:23  Supply Depot  
  63  15:24  Supply Depot, Marine x4, Firebat  
  69  15:34  Marine  
  69  15:35  Supply Depot, Marine x2  
  69  15:36  Medic  
  74  15:47  Firebat  
  76  15:59  Medic, Marine x3  
  72  16:10  Firebat  
  73  16:22  Medic  
  75  16:33  Firebat  
  75  16:36  Marine  
  75  16:37  Marine x3  
  75  16:38  Marine  
  76  17:24  Marine x2  
  76  17:25  Medic, Marine  
  78  17:35  Firebat  
  78  18:12  Supply Depot  
  78  18:13  Supply Depot  
  78  18:15  Supply Depot  
  78  18:16  Supply Depot, Terran Infantry Weapons Level 3  
  78  18:18  Terran Infantry Armor Level 3  
  78  18:29  Marine x2  
  78  18:30  Medic, Marine x2  
  84  18:41  Firebat  
  86  19:06  Medic, Marine x3  
  91  19:17  Firebat  
  93  19:49  Marine x2  
  93  19:50  Marine x2  
  93  19:51  Firebat  
  99  20:03  Medic  
  101  20:14  Marauder  
  101  20:15  Marine  
  101  20:16  Marine x2  
  106  20:26  Medic  
  108  20:37  Firebat  
  108  21:31  Marine x3  
  108  21:32  Marine  
  101  22:09  Marine  
  101  22:10  Medic, Marine x3  
  94  22:21  Firebat  
Tags
 
Add a new tag
Caveats
  • Supply blocks, unpowered buildings, or Contaminate may cause inaccurate times.
  • Supply counts are checked every 10 seconds.